 Dungeon Crawl Stone Soup version 0.32-a0-119-g2e8054a333 (webtiles) character file.

Game seed: 2051928354149172872

126651 seren the Metamorph (level 16, -1/122 HPs)
             Began as a Demonspawn Shapeshifter on Feb 6, 2024.
             Was an Elder of Wu Jian.
             Killed from afar by an elemental wellspring (48 damage)
             ... with a torrent of water
             ... on level 2 of the Shoals.
             The game lasted 02:50:37 (35978 turns).

seren the Metamorph (Demonspawn Shapeshifter)      Turns: 35978, Time: 02:50:38

Health: -1/122     AC: 19    Str: 16    XL:     16   Next: 44%
Magic:  16/16      EV: 17    Int: 11    God:    Wu Jian [****..]
Gold:   807        SH:  5    Dex: 15    Spells: 8/15 levels left

rFire   + .          .
                       - Unarmed
rCold   + + .        E - melded +2 buckler {reflect}
rNeg    . . .        c - +4 ring mail of the Centaur {+Blink Fly rC++ Str-4}
rPois   +            t - +2 helmet
rElec   +            m - +2 cloak
rCorr   .            (gloves unavailable)
SInv    .            Z - +2 pair of boots
Will    +....        S - amulet of reflection
Stlth   +            x - ring of protection from cold
HPRegen 0.40/turn    g - ring "Vireuh" {Fire rElec rPois}
MPRegen 0.15/turn

%: reflection
@: blade hands, flying
A: (claws 3), demonic guardian 2, powered by death 3, sturdy frame 3
a: Begin Untransformation, Renounce Religion, Evoke Blink, Wall Jump, Serpent's
Lash


You were on level 2 of the Shoals.
You worshipped Wu Jian.
Wu Jian was greatly pleased with you.
You had blades for hands.
You visited 6 branches of the dungeon, and saw 27 of its levels.
You also visited: Volcano.

You collected 2416 gold pieces.
You spent 1609 gold pieces at shops.

Inventory:

Hand Weapons
 b - the +3 greatsling "Punk" {acid, rCorr}
   (You bought it in a shop on level 5 of the Dungeon)

   rCorr:     It protects you from acid and corrosion.
 w - a +2 scimitar of flaming
Missiles
 j - 80 poisoned darts (quivered)
 r - 13 curare-tipped darts
 J - 2 throwing nets {!f}
Armour
 c - the +4 ring mail of the Centaur (worn) {+Blink Fly rC++ Str-4}
   (You found it on level 11 of the Dungeon)

   Str-4:     It affects your strength (-4).
   rC++:      It greatly protects you from cold.
   Fly:       It grants you flight.
   +Blink:    It lets you blink.
 h - a +3 ring mail of willpower
 m - a +2 cloak (worn)
 t - a +2 helmet (worn)
 E - a +2 buckler of reflection (melded)
 Z - a +2 pair of boots (worn)
Jewellery
 g - the ring "Vireuh" (right blade hand) {Fire rElec rPois}
   (You acquired it on level 5 of the Dungeon)

   [ring of fire]

   Fire:      It enhances your fire magic.
   rF+:       It protects you from fire.
   rC-:       It makes you vulnerable to cold.
   rElec:     It insulates you from electricity.
   rPois:     It protects you from poison
 k - a ring of poison resistance
 o - a ring of positive energy
 p - a ring of protection from fire
 s - a ring of protection from cold
 x - a ring of protection from cold (left blade hand)
 D - a ring of willpower
 F - a ring of resist corrosion
 S - an amulet of reflection (around neck)
 T - a ring of flight
Talismans
 d - a flux talisman
 f - a blade talisman (active)
 L - a maw talisman
Wands
 a - a wand of polymorph (5)
 B - a wand of paralysis (8)
 C - a wand of iceblast (13)
 G - a wand of quicksilver (2)
 H - a wand of mindburst (19)
 M - a wand of flame (8)
Scrolls
 l - 4 scrolls of blinking {!r}
 n - a scroll of fear
 q - 3 scrolls of teleportation {!r}
 u - 2 scrolls of revelation
 y - a scroll of enchant armour
 R - 2 scrolls of poison
 V - a scroll of amnesia
 X - a scroll of noise {unknown}
 Y - 3 scrolls of fog
Potions
 e - 4 potions of mutation {!q}
 i - 4 potions of enlightenment
 v - 3 potions of berserk rage
 z - 3 potions of curing
 A - 3 potions of haste
 I - a potion of attraction {unknown}
 K - 2 potions of invisibility
 N - 2 potions of cancellation
 O - a potion of might
 P - a potion of resistance {unknown}
 U - 3 potions of heal wounds
 W - 2 potions of lignification


   Skills:
 - Level 10.0 Fighting
 - Level 6.1 Ranged Weapons
 + Level 8.0 Armour
 - Level 10.0 Dodging
 - Level 5.0 Shields
 - Level 12.8 Unarmed Combat
 - Level 8.0 Evocations
 + Level 15.5 Shapeshifting


You had 8 spell levels left.
You knew the following spells:

 Your Spells              Type           Power      Damage    Failure   Level
a - Apportation           Tloc           0%         N/A       34%         1
b - Blink                 Tloc           0%         N/A       47%         2
c - Manifold Assault      Tloc           0%         N/A       98%         4

Your spell library contained the following spells:

 Spells                   Type           Power      Damage    Failure   Level
 Magic Dart               Conj           0%         1d3       34%         1
 Necrotise                Necr           0%         1d4       34%         1
 Sting                    Conj/Alch      0%         1d3       34%         1
 Summon Small Mammal      Summ           0%         N/A       34%         1
 Call Imp                 Summ           0%         N/A       47%         2
 Cigotuvi's Dreadful Rot  Necr/Alch/Air  0%         N/A       47%         2
 Jinxbite                 Hex            0%         N/A       47%         2
 Lesser Beckoning         Tloc           0%         N/A       47%         2
 Momentum Strike          Conj/Tloc      0%         3d8       47%         2
 Fugue of the Fallen      Necr           0%         N/A       71%         3
 Inner Flame              Hex/Fire       0%         N/A       71%         3
 Ozocubu's Armour         Ice            0%         N/A       71%         3
 Volatile Blastmotes      Fire/Tloc      0%         2d10      71%         3
 Brom's Barrelling Bould  Conj/Erth      0%         2d3       98%         4
 Flame Wave               Conj/Fire      0%         2d4       98%         4
 Fulminant Prism          Conj/Alch      0%         3d5       98%         4
 Iskenderun's Mystic Bla  Conj/Tloc      0%         2d3       98%         4
 Petrify                  Alch/Erth      0%         N/A       98%         4
 Sticky Flame             Fire/Alch      0%         2d4       98%         4
 Summon Blazeheart Golem  Fire/Summ      0%         N/A       98%         4
 Vhi's Electric Charge    Tloc/Air       0%         N/A       98%         4
 Arcjolt                  Conj/Air       0%         1d10      100%        5
 Fireball                 Conj/Fire      0%         3d3       100%        5
 Iskenderun's Battlesphe  Conj           0%         2d6       100%        5
 Metabolic Englaciation   Hex/Ice        0%         N/A       100%        5
 Conjure Ball Lightning   Conj/Air       0%         3x3d6     100%        6
 Dispersal                Tloc           0%         N/A       100%        6
 Eringya's Noxious Bog    Alch           0%         4d6       100%        6
 Plasma Beam              Fire/Air       0%         2x1d10    100%        6
 Orb of Destruction       Conj           0%         9d5       100%        7
 Discord                  Hex            0%         N/A       100%        8
 Disjunction              Tloc           0%         N/A       100%        8


Dungeon Overview and Level Annotations

Branches:
Dungeon (14/15)            Temple (1/1) D:6            Lair (5/5) D:8
 Shoals (4/4) Lair:2        Snake (1/4) Lair:3        Slime (0/5) Lair:5
    Orc (2/2) D:10            Elf (0/3) Orc:2       Volcano (visited)
 Vaults: D:13-14

Altars:
Ashenzari
Cheibriados
Dithmenos
Fedhas
Gozag
Hepliaklqana
Kikubaaqudgha
Makhleb
Nemelex Xobeh
Okawaru
Qazlal
Ru
Sif Muna
Trog
Uskayaw
Vehumet
Wu Jian
Xom
Yredelemnul
Jiyva

Shops:
D:5 *[*?   D:6 (   Orc:2 :[(:?   Shoals:1 *   Shoals:2 (

Portals:
Bazaar: Shoals:3

Annotations:
D:13 Frances
Temple 4 transporters
Shoals:1 3 runed translucent doors, exclusions: 3 doors, downstairs and obsidian statue, Ithrolaesk's ghost, adept SpEn
Shoals:4 Bai Suzhen
Snake:1 Asterion


Innate Abilities, Weirdness & Mutations

You have blades for hands.
You are incapable of wielding weapons or throwing items.
((You have claws for hands.))
A demonic guardian rushes to your aid.
You regenerate a lot of health from kills.
Your movements are significantly less encumbered by armour. (ER -6)


Message History

The water elemental is almost destroyed.
You slice the water elemental!!
You destroy the water elemental!
The water elemental disappears in a puff of smoke!
You slash the water elemental!
The water elemental is lightly damaged.
The water elemental closely misses you.
You slice the water elemental!! You slash the water elemental!
The water elemental is almost destroyed.
The water elemental barely misses you.
You completely miss the water elemental.
The water elemental is almost destroyed.
You hit the water elemental.
You destroy the water elemental!
The water elemental disappears in a puff of smoke!
Water spirits pour forth from the elemental wellspring!
You lunge at the water elemental.
You barely miss the water elemental. You shred the water elemental!!!
The water elemental is almost destroyed.
The water elemental hits you.
The water elemental engulfs you in water!
You slice the water elemental!!
You destroy the water elemental!
The water elemental disappears in a puff of smoke!
The water engulfing you falls away.
You gasp with relief as air once again reaches your lungs.
A torrent of water rises up through the elemental wellspring!
The torrent of water hits you!!!
* * * LOW HITPOINT WARNING * * *
The wave splashes down.
The water elemental attacks as it pursues you!
The water elemental hits you.
* * * LOW HITPOINT WARNING * * *
Water spirits pour forth from the elemental wellspring!
The water elemental closely misses you.
The water elemental disappears in a puff of smoke! x2
A torrent of water rises up through the elemental wellspring!
The torrent of water passes through the water elemental.
The torrent of water hits you!!!
You die...

≈≈≈≈≈≈≈≈~~~≈≈≈≈≈≈≈≈≈≈≈≈≈≈≈≈≈≈≈≈≈≈
≈≈≈≈≈≈≈~~~~~~~~~~≈≈≈≈≈≈≈≈≈≈≈≈≈≈~~
≈≈≈≈≈≈≈~~.~~~~~~~≈≈≈≈≈≈≈≈≈≈≈≈≈~~~
≈≈≈≈≈≈≈~~..)...~~≈≈≈≈≈≈≈≈≈≈≈≈≈~~.
≈≈≈≈≈E~~~..)...~~~~~~~~~~≈≈≈≈≈≈~~
≈≈≈≈≈≈~~...###..~~~~~~~~~≈≈≈≈≈≈≈~
≈≈≈≈≈≈~~.<## #....~..~~~~≈≈≈≈≈≈~~
≈≈≈≈≈≈~~~## #..).....~~~≈≈≈≈≈~~~
≈≈≈≈≈≈~~.E## ###@......~~~≈≈≈~~~~
≈≈≈≈≈≈≈~.E~#####....#..~~~~≈≈~~~~
≈≈≈≈≈≈≈~~..E..###§~.#....~~~≈~~~~
≈≈≈≈≈≈≈≈~~....# #E~.....>~~~≈~~~~
≈≈≈≈≈≈≈≈~~.~~E###E§.......~~≈~~~~
≈≈≈≈≈≈≈~~~..~.~~~..§##....~~~~~~~
≈≈≈≈≈≈≈~~~~~.E.~~~E###....~~~~~~~
≈≈≈≈≈≈~~~~~...........##..^~~~~~~
≈≈≈≈≈≈~~~~~..........####..~~~~~~


You could see an elemental wellspring and 2 water elementals.

Vanquished Creatures
  Donald (Orc:1)
  A formless jellyfish (Shoals:4)
  An elemental wellspring (Shoals:2)
  2 merfolk javelineers
  3 merfolk impalers
  Fannar (Lair:3)
  6 hydras
  A catoblepas (Lair:4)
  2 centaur warriors (D:11)
  A merfolk aquamancer (Shoals:4)
  An ogre mage (D:11)
  Erolcha (D:10)
  4 merfolk avatars
  2 two-headed ogres
  A satyr (Shoals:4)
  3 boulder beetles
  5 death yaks
  A shock serpent (Snake:1)
  A naga sharpshooter (Snake:1)
  3 orc high priests
  Amaemon (Lair:1)
  Sonja (Lair:1)
  A fire crab (Lair:4)
  10 skysharks
  A goliath frog (Lair:5)
  5 sea snakes
  17 harpies
  A necromancer (Lair:4)
  Pikel (D:4)
  3 orc knights
  10 manticores
  3 deep elf pyromancers
  6 cyclopes
  4 orc sorcerers (Orc:2)
  An ugly thing (D:11)
  12 elephants
  21 fauns
  3 naga magi (Snake:1)
  Joseph (D:7)
  7 merfolk sirens
  19 cane toads
  4 water nymphs
  5 black mambas
  A kobold blastminer (Orc:2)
  A torpor snail (Lair:1)
  An orange demon (Lair:1)
  2 rime drakes
  6 komodo dragons
  3 tengu conjurers
  An efreet (D:13)
  A yaktaur (D:11)
  4 kobold demonologists
  Psyche (D:7)
  5 trolls
  14 merfolk
  A tyrant leech (Lair:5)
  4 wind drakes
  28 blink frogs
  6 snapping turtles
  11 dream sheep
  6 slime creatures (D:12)
  Sigmund (D:2)
  2 shadows
  2 water elementals (Shoals:3)
  5 wyverns
  A wraith (D:12)
  38 yaks
  A vampire (D:12)
  3 fire elementals
  9 wargs
  A human (shapeshifter) (D:10)
  Grum (D:8)
  4 basilisks
  A steam dragon (D:6)
  5 vampire mosquitoes
  An acid dragon (D:11)
  A naga (Snake:1)
  2 hell hounds
  9 water moccasins
  30 orc warriors
  An ice beast (D:7)
  3 elephant zombies (Lair:4)
  2 black bears
  4 ogres
  A laughing skull (D:11)
  13 wolves
  5 centaurs
  2 phantoms
  A lemure (D:4)
  2 gnoll sergeants
  11 kobold brigands
  20 bullfrogs
  4 scorpions
  5 wights
  6 killer bees
  4 howler monkeys (D:12)
  18 electric eels
  4 bombardier beetles
  A basilisk zombie (Lair:4)
  5 jellies
  A hound (D:5)
  3 gnoll boudas
  39 orc priests
  2 sleepcaps (D:6)
  Ijyb (D:3)
  Natasha (thrice) (D:3)
  Terence (D:3)
  An iguana (D:5)
  47 orc wizards
  7 hell rats (Lair:2)
  Robin (D:2)
  21 gnolls
  7 adders
  A shadow imp (D:6)
  A white imp (D:7)
  4 ufetubi
  3 dart slugs
  3 ribbon worms
  80 orcs
  9 bats
  7 endoplasms
  3 giant cockroaches
  11 goblins
  7 hobgoblins
  5 jackals
  7 quokkas
  8 ball pythons
  2 frilled lizards
  36 kobolds
  5 rats
829 creatures vanquished.

Vanquished Creatures (collateral kills)
  A merfolk javelineer (Shoals:4)
  A merfolk impaler (Shoals:4)
  A death yak (Lair:4)
  A sea snake (Shoals:4)
  A harpy (Shoals:1)
  A manticore (Shoals:1)
  A water nymph (Shoals:2)
  Maggie (Lair:2)
  A merfolk (Shoals:4)
  A blink frog (Lair:4)
  A hell hound (Volcano)
  A centaur (D:7)
  A bullfrog (Lair:3)
  A bombardier beetle (D:6)
  An orc priest (D:9)
  2 orc wizards
  3 orcs
20 creatures vanquished.

Vanquished Creatures (others)
  An angel (D:9)
  A black mamba (Snake:1)
  A wind drake (Shoals:1)
  A kobold brigand (D:8)
  An orc wizard (D:11)
  A gnoll (D:10)
  A kobold (D:8)
7 creatures vanquished.

Grand Total: 856 creatures vanquished

Notes
Turn   | Place    | Note
-------+----------+-------------------------------------------
     0 | D:1      | seren the Demonspawn Shapeshifter began the quest for the
                  | Orb.
     0 | D:1      | Reached XP level 1. HP: 15/15 MP: 1/1
   222 | D:1      | Gained mutation: You have sharp fingernails. [demonic
                  | ancestry]
   222 | D:1      | Reached XP level 2. HP: 21/21 MP: 2/2
   567 | D:1      | Reached XP level 3. HP: 21/26 MP: 3/3
   776 | D:2      | Reached skill level 3 in Shapeshifting
   822 | D:2      | Noticed Sigmund
  1205 | D:2      | Gained mutation: You regenerate a little health from kills.
                  | [demonic ancestry]
  1205 | D:2      | Reached XP level 4. HP: 33/33 MP: 4/4
  1205 | D:2      | Noticed Robin
  1236 | D:2      | Killed Robin
  1517 | D:2      | Killed Sigmund
  1518 | D:2      | Gained mutation: Your movements are slightly less
                  | encumbered by armour. (ER -2) [demonic ancestry]
  1518 | D:2      | Reached XP level 5. HP: 40/40 MP: 5/5
  1940 | D:3      | Noticed Ijyb
  1974 | D:3      | Killed Ijyb
  1975 | D:3      | Gained mutation: A weak demonic guardian rushes to your
                  | aid. [demonic ancestry]
  1975 | D:3      | Reached XP level 6. HP: 47/47 MP: 6/6
  2012 | D:3      | Noticed Terence
  2030 | D:3      | Killed Terence
  2063 | D:3      | Noticed Natasha
  2233 | D:3      | Killed Natasha
  2238 | D:3      | Noticed Natasha
  2247 | D:3      | Killed Natasha
  2297 | D:3      | Noticed Natasha
  2312 | D:3      | Killed Natasha
  2770 | D:4      | Reached skill level 4 in Shapeshifting
  2968 | D:4      | You fall into a shaft and drop 3 floors!
  3073 | D:5      | Entered Level 5 of the Dungeon
  3073 | D:5      | Noticed a water moccasin
  3101 | D:6      | Gained mutation: You have very sharp fingernails. [demonic
                  | ancestry]
  3101 | D:6      | Reached XP level 7. HP: 23/52 MP: 7/7
  3256 | D:6      | Found a radiant altar of Vehumet.
  3262 | D:6      | Found a sacrificial altar of Ru.
  3390 | D:5      | Found Pilar's General Store.
  3870 | D:4      | Noticed Pikel
  3979 | D:3      | Reached skill level 5 in Unarmed Combat
  3979 | D:3      | Reached XP level 8. HP: 58/61 MP: 8/8
  4096 | D:5      | Found Beiwu's General Store.
  4118 | D:5      | Bought a scroll of identify for 22 gold pieces
  4118 | D:5      | Bought a scroll of identify for 22 gold pieces
  4118 | D:5      | Identified a scroll of acquirement
  4119 | D:5      | Acquired the ring "Vireuh" {Fire rElec rPois}
  4127 | D:5      | Found Fubled's Antique Armour Shoppe.
  4158 | D:5      | Bought a runed buckler for 172 gold pieces
  4356 | D:5      | Found a hazy altar of Hepliaklqana.
  4423 | D:5      | Found a broken altar of Ashenzari.
  4532 | D:5      | Found Tyditwut's Magic Scroll Boutique.
  4535 | D:5      | Bought a scroll of fear for 60 gold pieces
  4535 | D:5      | Bought a scroll of identify for 30 gold pieces
  4736 | D:6      | Reached skill level 5 in Fighting
  4765 | D:6      | Reached skill level 5 in Dodging
  4765 | D:6      | Reached skill level 5 in Shapeshifting
  4945 | D:6      | Reached skill level 1 in Evocations
  4954 | D:6      | Reached skill level 1 in Armour
  5011 | D:6      | Reached skill level 1 in Shields
  5082 | D:6      | Found a staircase to the Ecumenical Temple.
  5105 | Temple   | Found a transporter.
  5105 | Temple   | Found a transporter.
  5105 | Temple   | Found a transporter.
  5105 | Temple   | Found a transporter.
  5105 | Temple   | Entered the Ecumenical Temple
  5353 | D:6      | Found Cozxan's Weapon Shop.
  5504 | D:6      | Gained mutation: Your movements are less encumbered by
                  | armour. (ER -4) [demonic ancestry]
  5504 | D:6      | Reached XP level 9. HP: 68/68 MP: 9/9
  6230 | D:7      | Found a stormy altar of Qazlal.
  6232 | D:7      | Noticed Joseph
  6287 | D:7      | Killed Joseph
  6288 | D:7      | Reached skill level 6 in Shapeshifting
  7178 | D:8      | Noticed a kobold demonologist
  7179 | D:8      | Noticed Psyche
  7399 | D:7      | Killed Psyche
  7400 | D:7      | Gained mutation: Your movements are significantly less
                  | encumbered by armour. (ER -6) [demonic ancestry]
  7400 | D:7      | Reached XP level 10. HP: 74/74 MP: 10/10
  7590 | D:8      | Noticed Grum
  7859 | D:8      | Noticed a death yak
  8005 | D:8      | Noticed a death yak
  8005 | D:8      | Noticed a death yak
  8006 | D:8      | Noticed a death yak
  8166 | D:7      | Killed a death yak
  8167 | D:7      | Reached skill level 5 in Evocations
  8352 | D:8      | Noticed a death yak
  8707 | D:6      | Killed a death yak
  8708 | D:6      | Reached skill level 5 in Armour
  8708 | D:6      | Reached skill level 5 in Shields
  8708 | D:6      | Reached skill level 7 in Shapeshifting
  8962 | D:6      | Killed a death yak
  9423 | D:6      | Killed a death yak
  9561 | D:8      | Reached XP level 11. HP: 69/79 MP: 11/11
  9988 | D:8      | Found a staircase to the Lair.
 10239 | D:8      | Killed Grum
 10295 | D:8      | Killed a death yak
 10296 | D:8      | Reached skill level 8 in Shapeshifting
 10735 | D:9      | Found a sparkling altar of Nemelex Xobeh.
 10735 | D:9      | Found an ornate altar of the Wu Jian Council.
 10744 | D:9      | Became a worshipper of the Wu Jian Council
 10747 | D:9      | Found a snail-covered altar of Cheibriados.
 10749 | D:9      | Found a burning altar of Makhleb.
 10941 | D:9      | Found a shimmering altar of Xom.
 11286 | D:9      | Killed an angel
 11583 | D:9      | Found a blossoming altar of Fedhas.
 11895 | D:9      | Reached * piety under Wu Jian
 12051 | D:9      | Found the +7 staff of the Meek {protect, meekguard}
 12262 | D:10     | Entered Level 10 of the Dungeon
 12395 | D:10     | Noticed Erolcha
 12408 | D:10     | Killed Erolcha
 12583 | D:10     | Found a basalt altar of Yredelemnul.
 13243 | D:9      | Reached skill level 9 in Shapeshifting
 13716 | D:10     | Reached ** piety under Wu Jian
 14258 | D:10     | Found a staircase to the Orcish Mines.
 14370 | D:10     | Reached skill level 10 in Unarmed Combat
 14460 | D:11     | Noticed a two-headed ogre
 14471 | D:11     | Killed a two-headed ogre
 14532 | D:11     | Noticed a centaur warrior
 14534 | D:11     | Noticed a two-headed ogre
 14558 | D:10     | a two-headed ogre changed into a human
 14629 | Lair:1   | Entered Level 1 of the Lair of Beasts
 14747 | Lair:1   | Gained mutation: You regenerate health from kills. [demonic
                  | ancestry]
 14747 | Lair:1   | Reached XP level 12. HP: 79/86 MP: 12/12
 14801 | Lair:1   | Noticed Urug
 14829 | Lair:1   | Urug changed into Urug the warg
 14829 | Lair:1   | Noticed Urug
 14835 | Lair:1   | Killed Urug the warg
 14901 | Lair:1   | Noticed Amaemon
 14953 | Lair:1   | Killed Amaemon
 15248 | Lair:1   | Reached skill level 10 in Shapeshifting
 15392 | Lair:1   | You fall into a shaft and drop 1 floor!
 15508 | Lair:2   | Reached *** piety under Wu Jian
 15654 | Lair:2   | Noticed Maggie
 15758 | Lair:2   | Noticed an eight-headed hydra
 15922 | Lair:3   | Got the Folio of Alteration and the Sky
 15941 | Lair:2   | Killed Maggie
 16141 | Lair:2   | Found a dark tunnel.
 16176 | Volcano  | Entered a volcano
 16752 | Lair:1   | Noticed Sonja
 16755 | Lair:1   | Killed Sonja
 17131 | Lair:2   | Killed an eight-headed hydra
 17163 | Lair:2   | Found a staircase to the Shoals.
 17173 | Lair:2   | Reached skill level 11 in Shapeshifting
 17173 | Lair:2   | Gained mutation: You regenerate a lot of health from kills.
                  | [demonic ancestry]
 17173 | Lair:2   | Reached XP level 13. HP: 78/95 MP: 11/13
 17680 | Lair:3   | Reached **** piety under Wu Jian
 17853 | Lair:3   | Found a staircase to the Snake Pit.
 18229 | Lair:3   | Noticed Fannar
 18275 | Lair:3   | Killed Fannar
 19755 | Lair:4   | Reached skill level 12 in Shapeshifting
 20350 | D:5      | Bought the +3 greatsling "Punk" {acid, rCorr} for 344 gold
                  | pieces
 20350 | D:5      | Found the +3 greatsling "Punk" {acid, rCorr}
 20965 | Lair:4   | Reached skill level 1 in Ranged Weapons
 21739 | Lair:5   | Entered Level 5 of the Lair of Beasts
 22092 | Lair:5   | Reached XP level 14. HP: 103/103 MP: 14/14
 22178 | Lair:5   | Reached ***** piety under Wu Jian
 22595 | Orc:1    | Entered Level 1 of the Orcish Mines
 23334 | Orc:2    | Entered Level 2 of the Orcish Mines
 23361 | Orc:2    | Found Keobuk's Vocational Training.
 23375 | Orc:2    | Reached skill level 13 in Shapeshifting
 23412 | Orc:2    | Noticed Donald
 23437 | Orc:1    | Killed Donald
 23526 | Orc:2    | Found a staircase to the Elven Halls.
 23546 | Orc:2    | Paralysed by an orc sorcerer for 2 turns
 23552 | Orc:2    | Paralysed by an orc sorcerer for 3 turns
 23593 | Orc:2    | Found Zuqairi's Antique Armour Boutique.
 23593 | Orc:2    | Found Ocynuiq's Magic Scroll Shop.
 23593 | Orc:2    | Found Verufoep's Book Shop.
 23596 | Orc:2    | Found Bamy's Antique Weapon Boutique.
 23642 | Orc:2    | Bought a scroll of teleportation for 45 gold pieces
 23642 | Orc:2    | Bought a scroll of blinking for 112 gold pieces
 23642 | Orc:2    | Bought a scroll of identify for 30 gold pieces
 23642 | Orc:2    | Bought a scroll of identify for 30 gold pieces
 23642 | Orc:2    | Bought a scroll of fear for 60 gold pieces
 24506 | Orc:2    | Bought an ancient chain mail for 342 gold pieces
 24506 | Orc:2    | Identified the +8 chain mail of the Wereyak {-Tele Harm
                  | rN++ Str+4} (You bought it in a shop on level 2 of the
                  | Orcish Mines)
 24692 | D:5      | Bought a scroll of fog for 40 gold pieces
 24794 | D:4      | Killed Pikel
 26077 | Lair:5   | Found a viscous altar of Jiyva.
 26077 | Lair:5   | Found a staircase to the Slime Pits.
 26114 | Lair:5   | Reached skill level 5 in Ranged Weapons
 26599 | Lair:5   | Learned a level 1 spell: Apportation
 26602 | Lair:5   | Learned a level 2 spell: Blink
 26607 | Lair:5   | Learned a level 4 spell: Manifold Assault
 27093 | D:11     | Reached skill level 14 in Shapeshifting
 27093 | D:11     | Gained mutation: A demonic guardian rushes to your aid.
                  | [demonic ancestry]
 27093 | D:11     | Reached XP level 15. HP: 108/108 MP: 15/15
 27222 | D:11     | Identified the +4 ring mail of the Centaur {+Blink Fly rC++
                  | Str-4}
 28419 | D:13     | Got the Parchment of Searing Hexes
 28452 | D:13     | Noticed Frances
 28758 | Snake:1  | Entered Level 1 of the Snake Pit
 29328 | Snake:1  | Noticed Asterion
 29471 | Shoals:1 | Entered Level 1 of the Shoals
 29566 | Shoals:1 | Found a runed translucent gate.
 29566 | Shoals:1 | Found a runed translucent gate.
 29568 | Shoals:1 | Found an opulent altar of Gozag.
 29568 | Shoals:1 | Found a runed translucent gate.
 29571 | Shoals:1 | Noticed Ithrolaesk's ghost (adept SpEn)
 29574 | Shoals:1 | Found Raeblo's Assorted Antiques.
 29781 | Shoals:1 | Identified the +4 shortbow "Wunkisk" {flame, ^Fragile rElec
                  | rC+ rN+++}
 31251 | Shoals:1 | Reached skill level 15 in Shapeshifting
 32432 | D:5      | Bought an amulet of reflection for 300 gold pieces
 32834 | Shoals:2 | Found Igeh's Weapon Shoppe.
 32949 | Shoals:2 | You are sucked into a shaft and drop 1 floor!
 32980 | Shoals:3 | Gained mutation: You have claws for hands. [demonic
                  | ancestry]
 32980 | Shoals:3 | Reached XP level 16. HP: 120/120 MP: 16/16
 33086 | Shoals:4 | Entered Level 4 of the Shoals
 33126 | Shoals:3 | Found a gateway to a bazaar.
 34145 | Shoals:2 | Got Liatollo's Spellbook of Arenous Malediction
 35301 | Shoals:4 | Reached skill level 10 in Dodging
 35809 | Shoals:4 | Reached skill level 10 in Fighting
 35901 | Shoals:4 | Identified the amulet "Huos Zux" {Spirit rN+ Int+3}
 35901 | Shoals:4 | Noticed Bai Suzhen
 35919 | Shoals:3 | Acquired 514 gold pieces
 35978 | Shoals:2 | Killed from afar by an elemental wellspring

Illustrated notes

Levels and vault maps discovered:
D:1:      minmay_arrival_hallway, layout_rooms, kennysheep_pointless_box
D:2:      layout_basic, serial_bayou, serial_bayou_lagoon_b,
          serial_bayou_pond_a, serial_bayou_ford_a, serial_bayou_crossing,
          minmay_misc_feat_columns, chequers_serial_rivers_micro_d, uniq_robin,
          uniq_sigmund
D:3:      minmay_diamond_boxcup, layout_basic, uniq_terence, uniq_natasha,
          uniq_ijyb
D:4:      layout_layer_cave, uniq_pikel
D:5:      layout_loops_ring, general_overflow_altar,
          mainiacjoe_overflow_six_doors_small, serial_shops, shop, shop, shop,
          nicolae_shop_rolled_up
D:6:      layout_rooms, mainiacjoe_overflow_big_doors,
          minmay_temple_entry_wispy, serial_shops, shop
D:7:      layout_cave_pools, overflow_temple_1_default, grunt_ministairs_3,
          uniq_joseph
D:8:      layout_basic, dpeg_lair_monsters, kennysheep_boxes, uniq_grum,
          uniq_psyche
D:9:      layout_basic, grunt_temple_overflow_order_and_chaos_1, fedhas_altar_4,
          elyvilon_altar_3, chequers_temple_overflow_minitemple,
          pf_guarded_unrand_meek
D:10:     layout_irregular_city, mainiacjoe_overflow_24_doors, erik_orc_2,
          minmay_fractal_squares_gapless_5, uniq_erolcha
D:11:     layout_rooms, minivault_28
D:12:     layout_irregular_city
D:13:     layout_roguey, uniq_frances
D:14:     minmay_tearing_corner, layout_basic, david_vaults_4,
          minmay_strange_pillars, bh_walls_and_bars
Temple:   hellmonk_temple_divided_pantheon
Lair:1:   layout_roguey, uniq_amaemon, uniq_sonja, uniq_urug
Lair:2:   layout_chaotic_city, elwin_shoals_entry_stream,
          nicolae_volcano_entry_lava_flow, uniq_maggie
Lair:3:   layout_gridlike, dummy_snake_entry, grunt_megastairs_1, uniq_fannar
Lair:4:   pond_and_an_island_with_a_cottage, layout_concentric_octagons,
          nicolae_lair_yak_garden, grunt_megastairs_2
Lair:5:   minmay_lair_end_frog_pond, layout_cellular_growth, slime_entry_2,
          gauntlet_entry_generic, portal_ice_cave_entry_pillars_1,
          chequers_serial_rivers_micro_b, infiniplex_staircase_pool
Shoals:1: layout_shoals, ebering_ghost_gozag
Shoals:2: layout_shoals, serial_shops, nicolae_shop_tiny_glass,
          nicolae_shoals_spring_well_temple
Shoals:3: layout_shoals, serial_shops, bzr_entry_dummy,
          nicolae_shoals_former_cling_halls
Shoals:4: shoals_end_grunt_garden, layout_shoals, uniq_bai_suzhen
Snake:1:  layout_grid_shapes, hangedman_snake_corridor_cut,
          serial_bayou_shore_a, uniq_asterion
Orc:1:    layout_diamond_mine, basic_altar
Orc:2:    st_orc_mages, layout_caves, basic_altar, special_room,
          nicolae_shop_vocational, uniq_donald

Skill      XL: |  1  2  3  4  5  6  7  8  9 10 11 12 13 14 15 16 |
---------------+-------------------------------------------------+-----
Dodging        | 2 3 4 5 6 7 9 10 | 10.0
Unarmed Combat | 3 4 5 6 7 10 11 12 | 12.8
Shapeshifting  | 3 4 5 6 7 9 11 12 14 15 | 15.5
Fighting       | 2 3 4 5 6 7 9 10 | 10.0
Evocations     | 2 4 6 8 |  8.0
Armour         | 2 4 5 6 7 8 |  8.0
Shields        | 2 4 5 |  5.0
Ranged Weapons | 2 5 6 |  6.1

Action                     |  1- 3 |  4- 6 |  7- 9 | 10-12 | 13-15 | 16-18 || total
---------------------------+-------+-------+-------+-------+-------+-------++-------
  Melee: Unarmed           |   145 |   187 |   500 |  1000 |  2139 |   311 ||  4282
         Punch             |     4 |     4 |     3 |       |    33 |    33 ||    77
         Short sword       |       |       |       |       |     7 |       ||     7
         Maw               |       |       |       |       |     4 |       ||     4
   Fire: Greatsling        |       |       |       |       |    54 |       ||    54
  Throw: Dart              |       |       |       |     9 |     9 |       ||    18
 Invoke: Serpent's Lash    |       |       |       |       |    16 |     1 ||    17
         Heavenly Storm    |       |       |       |       |     2 |     1 ||     3
Ability: Begin Untransform |     1 |       |       |     2 |     9 |     2 ||    14
         Lunge             |       |       |       |    32 |   112 |    33 ||   177
         Whirlwind         |       |       |       |    41 |   681 |    91 ||   813
         Wall Jump         |       |       |       |       |    28 |     1 ||    29
  Evoke: Wand              |       |       |     2 |    43 |    35 |     5 ||    85
    Use: Potion            |       |     3 |       |     1 |     7 |     1 ||    12
         Scroll            |       |       |    11 |     9 |    13 |     4 ||    37
   Stab: Distracted        |       |       |     1 |     2 |     6 |     1 ||    10
         Invisible         |       |       |       |     3 |       |       ||     3
         Sleeping          |       |       |       |       |     1 |       ||     1
 Armour: Animal skin       |     8 |       |       |       |       |       ||     8
         Ring mail         |    73 |   126 |   336 |   686 |  1185 |   138 ||  2544
         Skin              |       |     3 |     1 |     8 |    21 |       ||    33
  Dodge: Dodged            |    88 |   130 |   300 |   521 |  1291 |   157 ||  2487
  Block: Buckler           |       |       |   123 |   306 |   488 |    27 ||   944
         Reflection        |       |       |     6 |    14 |    14 |     7 ||    41
         Other             |       |       |       |       |     2 |    31 ||    33
   Form: Flux              |       |       |       |     2 |     3 |     1 ||     6
         Maw               |       |       |       |     1 |     5 |       ||     6
         Beast             |       |       |       |     1 |     1 |       ||     2
         Blade             |       |       |       |       |     5 |     2 ||     7

Table legend: (Time is in decaauts)
 A = Elapsed time spent in this place.
 B = Non-inter-level travel time spent in this place.
 C = Inter-level travel time spent in this place.
 D = Time resting spent in this place.
 E = Time spent auto-exploring this place.
 F = Levels seen in this place.
 G = Mean time per level.
                   A        B        C        D        E       F      G
               +--------+--------+--------+--------+--------+-----+--------+
         Total |  35786 |  32689 |   3097 |   8257 |  11087 |  28 | 1278.1 |
       Dungeon |  17498 |  15514 |   1984 |   3671 |   6077 |  14 | 1249.9 |
        Temple |    180 |    180 |      0 |    119 |      0 |   1 |  180.0 |
          Lair |   9868 |   9050 |    818 |   2460 |   2792 |   5 | 1973.6 |
        Shoals |   6029 |   5796 |    233 |   1746 |   1435 |   4 | 1507.2 |
     Snake Pit |    416 |    414 |      2 |      0 |    118 |   1 |  416.0 |
  Orcish Mines |   1637 |   1579 |     58 |    224 |    665 |   2 |  818.5 |
       Volcano |    154 |    154 |      0 |     37 |      0 |   1 |  154.0 |
               +--------+--------+--------+--------+--------+-----+--------+

Top non-repeatable levels by time:
  Lair:4: 2596 daAuts
Shoals:1: 2490 daAuts
  Lair:3: 2418 daAuts
    D:10: 2409 daAuts
     D:7: 2281 daAuts
     D:6: 2203 daAuts
     D:9: 1951 daAuts
  Lair:5: 1791 daAuts
  Lair:2: 1788 daAuts
     D:8: 1688 daAuts
Shoals:2: 1648 daAuts
     D:5: 1572 daAuts
  Lair:1: 1274 daAuts
Shoals:3: 1268 daAuts
     D:2: 1199 daAuts
